AoeStats
← chenya_ko

Arabia

510491651Analyzed
1v1 RM · 2d ago on Oct 1, 2026· 51m 49s· 2 players
Game mode
Random Map
Map size
Tiny (2 player)
Population
200
Speed
Normal
Resources
Standard
Victory
Conquest
Starting age
Dark Age
Ending age
Imperial Age
RankedLock teamsTeams togetherTeam positionsShared explorationLock speedFull tech treeHidden civsTurbo modeCheats
Victory
Defeat
🇹🇼 Japanese · Taiwan
1080
+15
🇦🇷 Ethiopians · Argentina
1049
-15
Caraxes the Blood Wyrm
7:35 Loom
10:14 Feudal Age
10:49 Double-Bit Axe
15:35 Horse Collar
16:25 Fletching
26:17 Castle Age
25:37 Gold Mining
25:48 Padded Archer Armor
27:05 Bodkin Arrow
26:32 Crossbowman
27:23 Bow Saw
28:31 Leather Archer Armor
28:29 Thumb Ring
30:00 Ballistics
30:25 Wheelbarrow
29:37 Town Watch
29:44 Elite Skirmisher
35:58 Imperial Age
34:16 Stone Mining
34:34 Heavy Plow
36:48 Bracer
37:05 Leather Archer Armor
38:46 Chemistry
37:57 Masonry
41:46 Arbalester
44:37 Ring Archer Armor
chenya_ko
1:51 Loom
10:26 Feudal Age
10:29 Man-at-Arms
16:05 Fletching
19:24 Wheelbarrow
23:28 Castle Age
21:34 Gold Mining
21:32 Horse Collar
22:26 Forging
22:17 Double-Bit Axe
22:45 Scale Mail Armor
22:35 Arson
23:22 Padded Archer Armor
23:31 Long Swordsman
23:59 Gambesons
24:48 Squires
26:24 Iron Casting
25:15 Elite Skirmisher
27:46 Chain Mail Armor
28:09 Bodkin Arrow
29:21 Bow Saw
31:13 Gold Shaft Mining
31:05 Stone Mining
31:03 Town Watch
31:51 Leather Archer Armor
33:02 Hand Cart
41:47 Imperial Age
42:00 Two-Handed Swordsman
43:21 Ballistics
44:02 Chemistry
43:35 Plate Mail Armor
43:57 Bracer
46:47 Blast Furnace
46:44 Ring Archer Armor
47:16 Champion
48:11 Pikeman
49:20 Scale Barding Armor
51:29 Two-Man Saw
Connection lost

Rejoining the realm…

Still unreachable

The connection could not be restored.

Session expired

The server has moved on; the page needs a fresh start.